Map: [ESL] Curious Minds

Players

Cure - Winner!

  • Race: Terran Terran

Spirit

  • Race: Terran Terran

Event: IEM Katowice 2022

VOD

Have the link to the VOD?

Description

Time

  • Played on: Feb. 24, 2022, 7:19 a.m.
  • Length: 6:01

All games in this series

Show
View Real Time Build Order
Export as new Build Order

Cure Terran - Winner!

Build Orders:  

Get SALT Encoding   

  12  0:00  SCV  
  13  0:12  SCV  
  14  0:17  Supply Depot  
  14  0:24  SCV  
  15  0:39  SCV  
  15  0:40  Barracks  
  15  0:42  Refinery  
  16  0:51  SCV  
  17  0:58  Barracks  
  17  1:03  SCV  
  18  1:15  SCV  
  18  1:18  Barracks  
  19  1:24  Refinery  
  19  1:29  Reaper  
  20  1:42  Orbital Command  
  20  1:46  Reaper  
  21  1:54  Supply Depot  
  21  2:01  Reaper  
  21  2:05  Reaper  
  23  2:16  SCV  
  23  2:18  Reaper  
  23  2:22  Supply Depot  
  25  2:28  SCV  
  26  2:33  Reaper  
  27  2:37  Reaper  
  27  2:42  SCV  
  29  2:50  Reaper  
  30  2:54  SCV  
  30  3:05  Reaper  
  30  3:06  SCV  
  30  3:08  Command Center  
  30  3:12  Barracks Reactor  
  32  3:18  SCV  
  33  3:23  Barracks Tech Lab  
  33  3:24  Supply Depot  
  33  3:31  SCV  
  33  3:37  Factory  
  33  3:39  Barracks Tech Lab  
  33  3:43  SCV  
  33  3:49  Marine x3  
  36  3:55  SCV  
  37  4:04  Marine, Stimpack  
  37  4:07  Marine  
  38  4:10  SCV  
  38  4:11  Marine  
  40  4:23  Marine x2  
  40  4:24  Orbital Command  
  40  4:27  SCV  
  40  4:35  Starport  
  40  4:38  Factory Reactor  
  40  4:40  SCV  
  41  4:45  Bunker  
  41  4:50  SCV  
  41  4:52  SCV  
  43  4:54  Marine x2  
  43  4:56  Marine  
  43  4:57  Marine  
  47  5:03  SCV  
  47  5:04  SCV  
  49  5:14  Marauder  
  49  5:15  Marauder  
  49  5:16  Marine x2  
  55  5:23  Supply Depot  
  55  5:24  Viking x2  
  58  5:29  Factory Reactor  
  58  5:33  SCV x2  
  58  5:34  Refinery  
  58  5:35  Supply Depot  
  60  5:43  Marine  
  60  5:47  Supply Depot, Barracks Reactor  
Show
View Real Time Build Order
Export as new Build Order

Spirit Terran 

Build Orders:  

Get SALT Encoding   

  12  0:00  SCV  
  13  0:12  SCV  
  14  0:16  Supply Depot  
  14  0:24  SCV  
  15  0:38  SCV  
  15  0:41  Barracks  
  16  0:44  Refinery  
  16  0:50  SCV  
  16  0:54  Refinery  
  17  1:02  SCV  
  18  1:14  SCV  
  19  1:28  Reaper, Orbital Command  
  19  1:30  Supply Depot  
  20  1:43  Factory  
  20  1:54  SCV  
  20  2:00  Reaper  
  22  2:06  SCV  
  23  2:18  SCV  
  23  2:20  Command Center  
  24  2:28  Hellion  
  26  2:30  SCV  
  26  2:33  Supply Depot  
  26  2:35  Barracks Reactor  
  27  2:42  SCV  
  28  2:49  Hellion  
  28  2:50  Starport  
  30  2:56  SCV  
  29  3:08  SCV  
  29  3:11  Factory Tech Lab  
  30  3:14  Marine x2  
  32  3:20  SCV  
  33  3:31  Siege Tank  
  33  3:32  Marine x2  
  33  3:35  SCV  
  33  3:38  Medivac  
  30  3:49  Marine  
  30  3:50  SCV, Marine  
  30  3:51  Command Center  
  24  4:02  SCV  
  24  4:07  Marine  
  22  4:12  Marine  
  22  4:15  SCV  
  18  4:25  Marine  
  18  4:27  SCV  
  18  4:30  Marine  
  20  4:39  SCV  
  20  4:43  Marine  
  22  4:48  Siege Tank  
  22  4:52  SCV  
  27  5:11  Medivac  
  27  5:12  Marine  
  23  5:26  Marine  
  23  5:35  Marine  

Tags
 
Add a new tag
Caveats
  • Supply blocks, unpowered buildings, or Contaminate may cause inaccurate times.
  • Supply counts are checked every 10 seconds.